AoeStats
← BMXbandit

Hill Fort

505403219Analyzed
3v3 RM · 21d ago on Sep 9, 2026· 24m 34s· 6 players
Game mode
Random Map
Map size
Normal (6 player)
Population
200
Speed
Normal
Resources
Standard
Victory
Conquest
Starting age
Dark Age
Ending age
Imperial Age
RankedLock teamsTeams togetherTeam positionsShared explorationLock speedFull tech treeHidden civsTurbo modeCheats
Victory
Defeat
🇳🇿 Ethiopians · New Zealand
1241
+20
🇳🇱 Burmese · Netherlands
1240
+20
🇳🇿 Burgundians · New Zealand
1236
+20
🇩🇪 Muisca · Germany
1376
-22
🇪🇸 Slavs · Spain
1344
-21
🇹🇷 Maya · Türkiye
1253
-17
bayirm17
0:35 Loom
10:54 Feudal Age
15:00 Castle Age
15:31 Double-Bit Axe
15:28 Horse Collar
16:36 Bow Saw
Corpse Highlighter
10:51 Feudal Age
12:07 Horse Collar
12:17 Loom
16:27 Castle Age
14:20 Gold Mining
14:38 Double-Bit Axe
16:20 Bloodlines
17:52 Heavy Plow
18:04 Bow Saw
21:43 Wheelbarrow
22:07 Husbandry
24:25 Hand Cart
23:55 Town Watch
Sir Ottlas
10:30 Feudal Age
14:53 Castle Age
13:53 Double-Bit Axe
14:26 Horse Collar
16:26 Fletching
17:01 Loom
17:55 Bodkin Arrow
21:32 Bow Saw
21:11 Town Watch
22:44 Padded Archer Armor
BMXbandit
10:59 Feudal Age
11:58 Loom
14:50 Castle Age
13:45 Fletching
13:56 Padded Archer Armor
15:31 Bodkin Arrow
17:00 Wheelbarrow
19:08 Crossbowman
24:10 Padded Archer Armor
24:38 Thumb Ring
Dan
10:45 Feudal Age
14:56 Castle Age
13:37 Horse Collar
14:02 Loom
18:11 Gold Mining
24:43 Bloodlines
Señor Cocodrilo
8:14 Loom
10:21 Feudal Age
8:48 Double-Bit Axe
10:00 Horse Collar
17:12 Castle Age
15:32 Gold Mining
17:11 Scale Barding Armor
21:02 Chain Barding Armor
21:02 Cavalier
21:43 Husbandry
22:48 Forging
Connection lost

Rejoining the realm…

Still unreachable

The connection could not be restored.

Session expired

The server has moved on; the page needs a fresh start.